Cogmind - Beta 13 X1 @@@ ROGUE MODE // 2023.08.22 @ 21:22:30 Player: youngster Result: Destroyed by Fusion Bomb Trap Performance ------------- Evolutions (2) 1000 Regions Visited (4) 800 Robots Destroyed (95) 475 Value Destroyed (3816) 3816 Prototype IDs (6) 120 Alien Tech Used (0) 0 Bonus (890) 890 TOTAL SCORE: 7101 Bonus ------- High Alert Combat Kills 690 Entered Garrisons 200 Cogmind --------- Core Integrity 0/550 Matter 266/300 Energy 156/160 System Corruption 7% Temperature Cool (2) Movement Treading (240) Ox1 Location -8/Garrison Parts ------- > --- POWER (1) -------- Light Nuclear Core > --- PROPULSION (4) --- Light Treads Light Treads > --- UTILITY (4) ------ High-capacity Storage Unit Transmission Jammer Gun Armor > --- WEAPON (2) ------- Powered Hammer > --- INVENTORY (20) --- Micro Nuclear Core Medium Matter Pod (100) Seismic Detector Transport Network Coupler Weapon Cycler Light Armor Plating Hardened Heavy Armor Plating Graphene Brace Improved Trap Extractor (0/6) Advanced Assault Cannon Advanced Assault Cannon Advanced Assault Cannon Mini Grenade Launcher Subdweller Shrapnel Launcher Improved Datajack Power Maul Peak State ------------ > --- POWER ------------ Reinforced Deuterium Engine > --- PROPULSION ------- Armored Treads Armored Treads Advanced Treads Advanced Treads > --- UTILITY ---------- High-capacity Storage Unit Light Armor Plating Gun Armor Graphene Brace > --- WEAPON ----------- Autogun Powered Hammer > --- INVENTORY -------- Micro Nuclear Core Light Treads Light Treads Light Treads Compact Wheel Subdweller Monowheel Medium Matter Pod Seismic Detector Transport Network Coupler Weapon Cycler Transmission Jammer Hardened Heavy Armor Plating Hardlight Generator Improved Trap Extractor Heavy Assault Rifle Mini Grenade Launcher Subdweller Shrapnel Launcher Improved Datajack [Rating: 44] Favorites ----------- Power Ion Engine Engine Ion Engine Power Core Light Nuclear Core Propulsion Light Treads Treads Light Treads Wheel Compact Wheel Utility High-capacity Storage Unit Device Seismic Detector Storage High-capacity Storage Unit Protection Gun Armor Weapon Assault Rifle Energy Gun Small Laser Ballistic Gun Assault Rifle Launcher Subdweller Shrapnel Launcher Special Weapon Multitool Impact Weapon Powered Hammer Build | -11 -10 -10 -8 -8 ------- Run | Jun Mat Sub Mat Gar Slots Evolved 4 | . . . 4 . Power . | . . . . . Propulsion 2 | . . . 2 . Utility 2 | . . . 2 . Weapon . | . . . . . Parts Attached 126 | 7 25 10 59 25 Power 7 | 1 1 . 3 2 Engine 3 | 1 1 . . 1 Core 4 | . . . 3 1 Reactor . | . . . . . Propulsion 49 | 2 11 3 25 8 Treads 30 | 2 6 2 14 6 Leg . | . . . . . Wheel 19 | . 5 1 11 2 Hover . | . . . . . Flight . | . . . . . Utility 32 | 2 9 3 11 7 Device 23 | 1 8 1 6 7 Storage 2 | 1 1 . . . Processor . | . . . . . Hackware . | . . . . . Protection 7 | . . 2 5 . Artifact . | . . . . . Weapon 38 | 2 4 4 20 8 Energy Gun 4 | 1 3 . . . Energy Cannon . | . . . . . Ballistic Gun 21 | 1 1 3 14 2 Ballistic Cannon . | . . . . . Launcher 7 | . . . 3 4 Special Weapon 2 | . . . 2 . Impact Weapon 4 | . . 1 1 2 Slashing Weapon . | . . . . . Piercing Weapon . | . . . . . Special Melee Weapon . | . . . . . Unidentified Prototypes 1 | . . 1 . . Parts Lost 41 | . 2 5 20 14 Power 5 | . 1 . 2 2 Propulsion 16 | . . 2 6 8 Utility 7 | . . 1 4 2 Weapon 13 | . 1 2 8 2 Highest Loss Streak 14 | . 1 3 14 5 To Critical Strikes . | . . . . . Average Slot Usage (%) 95 | . 99 92 94 89 Engine 8 | . 14 13 1 5 Core 2 | . . . 5 3 Treads 21 | . 17 24 19 30 Wheel 7 | . 10 1 11 1 Device 10 | . 13 5 7 12 Storage 11 | . 14 13 7 9 Protection 7 | . . 8 14 13 Energy Gun 4 | . 12 . . . Ballistic Gun 17 | . 15 24 23 8 Impact Weapon 1 | . . 1 . 5 Naked Turns . | . . . . . Heaviest Build 73 | 14 49 53 73 73 Greatest Support 86 | 40 40 40 86 84 Greatest Overweight (x) 4 | . 3 2 4 1 Average Overweight (x) 1 | . 1 1 1 . Largest Inventory Capacity 20 | 8 20 20 20 20 Average Capacity 19 | 7 19 20 20 20 Most Carried 20 | 7 19 19 20 20 Average Carried 15 | 3 10 18 19 16 Final Capacity 20 | 8 20 20 20 20 Final Carried 20 | 7 18 19 20 17 Class Distribution -------------------- 58% | Mutant 21% | Scavenger-Mutant 16% | Tank 3% | Scavenger-Tank Dominant Class ---------------- Mutant | -10/Materials Mutant | -10/Subcaves Tank | -8/Materials Scavenger-Mutant | -8/Garrison Resources | -11 -10 -10 -8 -8 ----------- Run | Jun Mat Sub Mat Gar Matter Collected 2996 | 274 372 283 1512 555 Remotely . | . . . . . Salvage Created 3541 | 84 502 295 1877 783 Parts 203 | 8 40 24 103 28 Haulers Intercepted 2 | . . . 2 . Recyclers Shooed . | . . . . . Parts Field Recycled . | . . . . . Retrieved Matter . | . . . . . Parts Self-Destructed 6 | . . 6 . . Prevented . | . . . . . Kills | -11 -10 -10 -8 -8 ------- Run | Jun Mat Sub Mat Gar Combat Hostiles Destroyed 79 | . 11 8 38 22 Melee 2 | . . . . 2 Guns 53 | . 11 8 27 7 AOE 22 | . . . 11 11 Classes Destroyed 16 | 2 4 2 6 2 Worker 3 | . . . 3 . Builder 2 | . 1 . 1 . Tunneler 2 | 1 1 . . . Hauler 2 | . . . 2 . Recycler 5 | 1 2 . 2 . Watcher 2 | . 1 . 1 . Swarmer 16 | . 6 3 4 3 Grunt 36 | . 5 . 18 13 Brawler 1 | . . . 1 . Duelist 1 | . . . . 1 Sentry 12 | . . . 11 1 Specialist 3 | . . . 3 . Programmer 4 | . . . . 4 Heavy 1 | . . . 1 . Artisan 2 | . . 2 . . Subdweller 5 | . . 5 . . Best Kill Streak 6 | 2 3 3 6 6 Combat Bots Only 6 | . 3 3 5 6 Max Kills in Single Turn 6 | 1 1 1 3 6 Gunslinging 1 | . . . 1 . Exploded 6 | . . . 2 6 Melee 1 | . . . . 1 Uniques/NPCs Destroyed . | . . . . . Combat | -11 -10 -10 -8 -8 -------- Run | Jun Mat Sub Mat Gar Damage Taken 6570 | . 493 925 3500 1652 Core 785 | . 84 134 331 236 Absorbed by Shields 989 | . . . 821 168 Regen/Repaired (Parts) 79 | . 79 . . . Core Remaining (%) 56 | 100 . 12 . . Volleys Fired 219 | 4 49 32 90 44 Largest 4 | 2 2 2 4 2 Hottest 94 | 60 60 40 94 46 Shots Fired 528 | 8 98 62 286 74 Gun 505 | 8 98 62 274 63 Cannon . | . . . . . Launcher 19 | . . . 8 11 Special 4 | . . . 4 . Kinetic 467 | 4 49 62 282 70 Thermal 40 | . 36 . 4 . Explosive 4 | . . . . 4 Electromagnetic 17 | 4 13 . . . Robot Hit Streak 46 | 4 10 34 46 17 Robot Miss Streak 4 | 1 4 2 2 2 Penetration Max . | . . . . . Secondary Targets 11 | . 1 1 8 1 Max Gunslinging Chain 2 | . 1 1 2 1 Shots Hit Robots 376 | 5 54 52 201 64 Core Hits 179 | 3 27 16 96 37 Critical Kills 1 | . . . 1 . Critical Parts Destroyed 4 | . . . 1 3 Critical Strikes 6 | . . . 3 3 Destroy 3 | . . . 3 . Smash 3 | . . . . 3 Melee Attacks 31 | . . 2 4 25 Impact 31 | . . 2 4 25 Slashing . | . . . . . Piercing . | . . . . . Sneak Attacks 1 | . . 1 . . Combat Hostiles . | . . . . . Follow-up Attacks . | . . . . . Damage Inflicted 7654 | 59 576 659 3883 2477 Guns 4871 | 59 576 590 2896 750 Cannons . | . . . . . Explosions 2075 | . . . 949 1126 Melee 670 | . . 69 . 601 Ramming 11 | . . . 11 . Kinetic 6384 | 9 228 590 3845 1712 Thermal 240 | . 213 . 27 . Explosive 164 | . . . . 164 Electromagnetic 185 | 50 135 . . . Impact 670 | . . 69 . 601 Slashing . | . . . . . Piercing . | . . . . . Highest Corruption 7 | . 1 1 . 7 Average Corruption 2 | . 1 1 . 6 Corruption Purged . | . . . . . Corruption Blocked . | . . . . . Effects 20 | . 1 6 . 13 Message Errors 7 | . . 2 . 5 Heat Flow Errors 2 | . 1 . . 1 Energy Discharges 5 | . . . . 5 Data Loss (minor) 2 | . . 1 . 1 Data Loss (major) 1 | . . 1 . . Misfires 2 | . . 1 . 1 Weapon Failures 1 | . . 1 . . Overload Shots . | . . . . . Overflow Damage 210 | . . . 2 208 Projectiles . | . . . . . Explosions 82 | . . . 2 80 Melee 128 | . . . . 128 Knockbacks 3 | . . . . 3 Impact 3 | . . . . 3 Kinetic . | . . . . . Secondary . | . . . . . Self-Inflicted Damage 137 | . . . 9 128 Shots 6 | . . . 1 5 Rammed 4 | 1 . . 3 . Targets Rammed 5 | 1 . . 4 . Kicked . | . . . . . Crushed 1 | . . . 1 . Highest Temperature 326 | 20 94 . 326 192 Average Temperature 51 | 13 24 . 71 24 Received Heat Transfer 1988 | . 162 108 1427 291 Siege Activations . | . . . . . Robots Corrupted . | . . . . . Combat Hostiles . | . . . . . Parts Fried 1 | . . . . 1 Impact Corruptions 7 | . . . . 7 Robots Melted . | . . . . . Combat Hostiles . | . . . . . Parts Melted . | . . . . . Heat Transferred 575 | . 475 . 100 . Parts Sabotaged . | . . . . . Parts Stolen . | . . . . . Parts Stripped . | . . . . . Power Chain Reactions . | . . . . . Missiles Intercepted . | . . . . . Alert | -11 -10 -10 -8 -8 ------- Run | Jun Mat Sub Mat Gar Peak Influence 1162 | 10 196 . 710 1162 Initial 461 | . 6 . . 461 Average 318 | 5 82 . 319 845 Maximum Alert Level 4 | . . . 3 4 Low Security (%) 55 | 100 100 . 29 . Level 1 10 | . . . 31 . Level 2 17 | . . . 35 27 Level 3 13 | . . . 2 61 Level 4 2 | . . . . 10 Level 5 . | . . . . . High Security . | . . . . . Max Security . | . . . . . Squads Dispatched 12 | . 1 . 11 . Investigation 1 | . 1 . . . Extermination . | . . . . . Reinforcement 5 | . . . 5 . Assault . | . . . . . Garrison 6 | . . . 6 . Intercept . | . . . . . Searches Triggered . | . . . . . Construction Impeded 1 | . . . 1 . Haulers Reinforced . | . . . . . Active Scanning Responses . | . . . . . Cargo Convoy Interrupts . | . . . . . Stealth | -11 -10 -10 -8 -8 --------- Run | Jun Mat Sub Mat Gar Distress Signals 11 | . 1 . 10 . Communications Jammed . | . . . . . Distress Signals . | . . . . . Times Spotted 97 | . 19 8 48 22 Peak Tracking Total 11 | . 3 3 11 6 Tactical Retreats 9 | . 3 . 4 2 Traps | -11 -10 -10 -8 -8 ------- Run | Jun Mat Sub Mat Gar Traps Triggered 6 | . 1 . . 5 Indirectly . | . . . . . Trap Hack Attempts . | . . . . . Triggered . | . . . . . Disarmed . | . . . . . Reprogrammed . | . . . . . Reused 1 | . . . 1 . Traps Extracted . | . . . . . Installed 1 | . . . 1 . Triggered 1 | . . . 1 . Most Traps Carried 1 | . . 1 1 . Machines | -11 -10 -10 -8 -8 ---------- Run | Jun Mat Sub Mat Gar Machines Disabled 4 | . . . . 4 Max in Single Turn 1 | . . . . 1 Garrison Relay 3 | . . . . 3 Machines Repaired . | . . . . . Machines Sabotaged . | . . . . . Overloaded Fab Kills . | . . . . . Hacking | -11 -10 -10 -8 -8 --------- Run | Jun Mat Sub Mat Gar Machines Accessed 15 | . 9 . 5 1 Terminals 12 | . 8 . 3 1 Fabricators . | . . . . . Repair Stations 2 | . 1 . 1 . Recycling Units . | . . . . . Scanalyzers . | . . . . . Garrison Access 1 | . . . 1 . Total Hacks 46 | . 31 . 13 2 Successful 21 | . 16 . 5 . Failed 25 | . 15 . 8 2 Catastrophic 2 | . 1 . 1 . Database Lockouts . | . . . . . Manual 29 | . 20 . 9 . Terminals 41 | . 28 . 11 2 Fabricators . | . . . . . Repair Stations 4 | . 3 . 1 . Recycling Units . | . . . . . Scanalyzers . | . . . . . Garrison Access 1 | . . . 1 . Terminal Hacks 11 | . 10 . 1 . Part Schematic 1 | . 1 . . . Robot Schematic 1 | . 1 . . . Robot Analysis 1 | . 1 . . . Prototype ID Bank 4 | . 3 . 1 . Locate Traps 4 | . 4 . . . Fabricator Hacks . | . . . . . Repair Station Hacks 2 | . 2 . . . Scan Component 1 | . 1 . . . Repair 1 | . 1 . . . Recycling Unit Hacks . | . . . . . Scanalyzer . | . . . . . Garrison Access Hacks 1 | . . . 1 . Unlock Access 1 | . . . 1 . Unauthorized Hacks 7 | . 4 . 3 . Terminals 7 | . 4 . 3 . Botnet 5 | . 3 . 2 . Operators 2 | . 1 . 1 . Fabricators . | . . . . . Repair Stations . | . . . . . Recycling Units . | . . . . . Scanalyzers . | . . . . . Garrison Access . | . . . . . Data Cores Recovered . | . . . . . Used . | . . . . . Hacking Detections 14 | . 9 . 4 1 Full Trace Events 1 | . . . . 1 Feedback Events . | . . . . . Feedback Blocked . | . . . . . Robot Schematics Acquired 1 | . 1 . . . Robots Built . | . . . . . Authchips . | . . . . . Time . | . . . . . Total Robot Build Rating . | . . . . . Part Schematics Acquired 1 | . 1 . . . Parts Built . | . . . . . Authchips . | . . . . . Time . | . . . . . Total Part Build Rating . | . . . . . Parts Repaired 1 | . 1 . . . Time 13 | . 13 . . . Parts Recycled . | . . . . . Recycled Matter . | . . . . . Retrieved Matter . | . . . . . Retrieved Components . | . . . . . Parts Scanalyzed . | . . . . . Part Schematics Acquired . | . . . . . Parts Damaged . | . . . . . Bothacking | -11 -10 -10 -8 -8 ------------ Run | Jun Mat Sub Mat Gar Used RIF Installer . | . . . . . Robots Hacked . | . . . . . Non-combat . | . . . . . Combat . | . . . . . Robot Hacks Applied . | . . . . . Relay Couplers Released 13 | . . . . 13 Machine Destruction 9 | . . . . 9 Programmers 4 | . . . . 4 Fabnet Peak Effective % . | . . . . . Robots Rewired . | . . . . . Allies Hacked . | . . . . . Hacks Repelled . | . . . . . Allies | -11 -10 -10 -8 -8 -------- Run | Jun Mat Sub Mat Gar Total Allies . | . . . . . Largest Group . | . . . . . Highest-Rated Group . | . . . . . Highest-Rated Ally . | . . . . . Total Orders . | . . . . . Ally Attacks . | . . . . . Total Damage . | . . . . . Kills . | . . . . . Allies Corrupted . | . . . . . Allies Melted . | . . . . . Intel | -11 -10 -10 -8 -8 ------- Run | Jun Mat Sub Mat Gar Robot Analysis Total 1 | . 1 . . . Derelict Logs Recovered 1 | . . 1 . . Drone Launches . | . . . . . Drone Recoveries . | . . . . . Exploration | -11 -10 -10 -8 -8 ------------- Run | Jun Mat Sub Mat Gar Turns Passed 4090 | 104 1462 669 1138 717 Spaces Moved 1759 | 48 737 225 457 292 Core 4 | 4 . . . . Treads 664 | 44 132 177 45 266 Legs . | . . . . . Wheels 1091 | . 605 48 412 26 Hover . | . . . . . Flight . | . . . . . Fastest Speed 50 | 50 130 130 115 117 Average Speed 154 | 150 147 217 127 165 Slowest Speed 320 | 160 240 320 237 241 Overloaded Moves . | . . . . . Propulsion Burnouts . | . . . . . Robots Hopped . | . . . . . Cave-ins Triggered . | . . . . . Exploration Rate (%) 40 | 5 98 13 44 43 Regions Visited 4 Branch Regions 1 Pre-discovered Areas . | . . . . . Known Exits Taken 1 | . . . 1 . Unknown Exits Taken 3 | 1 1 1 . . Scrap Searched 1 | . . 1 . . Spaces Dug 51 | . . . 4 47 Terrain Destroyed 191 | . . . 87 104 Melee 4 | . . . 4 . Projectile . | . . . . . AOE 187 | . . . 83 104 Terrain Rammed . | . . . . . Walls Destroyed . | . . . . . Machines Disabled . | . . . . . Actions | -11 -10 -10 -8 -8 --------- Run | Jun Mat Sub Mat Gar Total 2644 | 69 1016 340 805 414 Wait 416 | 2 189 64 142 19 Move 1757 | 48 736 224 457 292 Hop . | . . . . . Pick Up 62 | 8 13 5 29 7 Fast Attach 19 | 6 2 2 9 . Attach 38 | 1 3 4 18 12 Detach 4 | . . 1 1 2 Swap 69 | . 20 4 32 13 Drop 23 | . 4 1 18 . Fire 219 | 4 49 32 90 44 Melee 31 | . . 2 4 25 Ram . | . . . . . Kick . | . . . . . Crush 4 | . . . 4 . Escape Stasis . | . . . . . Rewire 1 | . . 1 . . Trap 1 | . . . 1 . Miscellaneous . | . . . . . Route ------- -11/Junkyard -10/Materials (discovered 5 exits: [*Mat x3] / [*Min] / [*Sub]) -10/Subcaves -8/Materials -8/Garrison (discovered 1 exit: [*Fac]) History --------- Turn | Location | Event 81 | -11/Junkyard | Discovered new exit (range 15) 105 | -11/Junkyard | Entered Materials 289 | -10/Materials | Discovered new exit (range 10) 310 | -10/Materials | Build established: Mutant 802 | -10/Materials | Discovered new exit (range 3) 997 | -10/Materials | Discovered new exit (range 5) 1076 | -10/Materials | Discovered new exit (range 15) 1218 | -10/Materials | Repaired Lgt. Treads 1319 | -10/Materials | Discovered new exit (range 7) 1567 | -10/Materials | Entered Subcaves 1618 | -10/Subcaves | Discovered new exit (range 6) 1804 | -10/Subcaves | A swath of the cavern ceiling suddenly collapsed 1957 | -10/Subcaves | Learned Materials security intel 1967 | -10/Subcaves | A Subdweller sparked back to life 1967 | -10/Subcaves | A Subdweller sparked back to life 1967 | -10/Subcaves | A Subdweller sparked back to life 1988 | -10/Subcaves | Core integrity fell below 50% 2003 | -10/Subcaves | Core integrity fell below 20% 2015 | -10/Subcaves | Found Prototype Protection 2015 | -10/Subcaves | Identified Gun Armor 2017 | -10/Subcaves | Attached Gun Armor, gained temporary slots: Weapon x2 2031 | -10/Subcaves | Lost 3 parts (1n1u1w) 2236 | -10/Subcaves | Entered Materials 2236 | -8/Materials | Evolved 4 slots: Propulsion x2, Utility x2 2647 | -8/Materials | Build established: Tank 2840 | -8/Materials | Garrison activated, responded to threat 3014 | -8/Materials | Lost 4 parts (1p2u1w) 3143 | -8/Materials | Garrison activated, responded to threat 3233 | -8/Materials | Core integrity fell below 50% 3302 | -8/Materials | Lost 14 parts (1p6n2u5w) 3374 | -8/Materials | Identified exit to Garrison 3374 | -8/Materials | Entered Garrison 3396 | -8/Garrison | Triggered checkpoint 3436 | -8/Garrison | Triggered checkpoint 3438 | -8/Garrison | Garrison Relay disabled 3453 | -8/Garrison | Build established: Scavenger-Mutant 3530 | -8/Garrison | Triggered checkpoint 3542 | -8/Garrison | Triggered checkpoint 3571 | -8/Garrison | Garrison Relay disabled 3754 | -8/Garrison | Core integrity fell below 20% 3780 | -8/Garrison | Triggered checkpoint 3786 | -8/Garrison | Lost 5 parts (2n1u2w) 3838 | -8/Garrison | Lost 3 parts (3n) 3882 | -8/Garrison | Triggered checkpoint 3890 | -8/Garrison | Garrison Relay disabled 3992 | -8/Garrison | Discovered new exit (range 10) 4091 | -8/Garrison | Destroyed by Fusion Bomb Trap Last Messages --------------- 04007_ The unstable cave ceiling collapses. 04012_ Lgt. Treads destroyed. 04012_ Destroyed Lgt. Treads. 04014_ The unstable cave ceiling collapses. 04014_ L-31 Rogue knocked back. 04017_ The unstable cave ceiling collapses. 04017_ L-31 Rogue destroyed. 04018_ JGW<:VOLJREHR:JR JSQY4%YEGOZ%&#< 04020_ Acquired 16 matter. 04022_ The unstable cave ceiling collapses. 04039_ Triggered Alarm Trap. 04039_ Transmission Jammer jams signal. 04041_ Connecting with Garrison Terminal... 04041_ ALERT: Suspicious activity at Terminal G002. Transmitting hostile system tracking data. 04061_ Acquired Adv. Assault Cannon. 04073_ Acquired Power Maul. 04077_ The unstable cave ceiling collapses. 04091_ Triggered Fusion Bomb Trap. 04091_ An explosion rips through the floor. Map ----- +----------------------------------------------------+ | %= != = "#? "#????????????? | | = %* ![### "#?""#????????????? | | ##!!!##?# """"#??##????????????? | | ### ## #"" ""#?#######????????????????? | | ################????????????????????????? | | #???????????????????????????????????????? | | #???????????????????????????????????????? | | #???????????????????????????????????????? | | ###???????????????????????????????????????? | | ##########??????????????????????????????? | | #??????????????????????????????? | | #??????????????????????????????? | | #??????????????????????????????? | | ## #### #???????????##?????????????????? | | ### #??# #???????????# ?????????????????? | | ## #??# #???????????! ?????????????????? | | ### #??# #???????????! ?????????????????? | | ## #??# #???????????# ?????????????????? | | ## #??# #???????????# #????????????????? | | ### #### +??????????? ????????????????? | | # #???????????# #????????????????? | | # #???????????# ####?????????????? | | ##%##### #??????????## !!!#?????????????? | | ?# #???# #??????????#! #?????????????? | | ?# #???# #??????????#! !!#?????????????? | | ## #???# #???????????# @!!#?????????????? | | "# ###?# ############# ####?????????????? | | ! ### + #?????????????? | | "!! ############# ####?????????????? | | " ### #???????????# ####?????????????? | | "# ###?# #??????###### #?????????????? | | ## #???# ######## # #! #?????????????? | | ?# #???# # # # # / #?????????????? | | ?# #???# # # # ^//#?????????????? | | ?# #???# # # # # ####?????????????? | | #! !#??# #?????????????? | | #! !#??# # # ### # # ###?????????????? | | #! !#??# # #???????????????? | | #####??# # # # " ##???????????????? | | ???????# ######## ###T #????????????????? | | ???????# #??????###?#""#????????????????? | | ???????# #??????????####????????????????? | | ???????# ??????????????????????????????? | | ???????#